AoeStats
← 8

Black Forest

509648339Analyzed
3v3 RM · 6d ago on Sep 27, 2026· 42m 26s· 6 players
Game mode
Random Map
Map size
Normal (6 player)
Population
200
Speed
Normal
Resources
Standard
Victory
Conquest
Starting age
Dark Age
Ending age
Imperial Age
RankedLock teamsTeams togetherTeam positionsShared explorationLock speedFull tech treeHidden civsTurbo modeCheats
Victory
Defeat
🇫🇷 Goths · France
1180
+16
🇨🇦 Vikings · Canada
1159
+17
🇨🇾 Italians · Cyprus
1132
+18
🇺🇸 Khmer · United States
1218
-19
🇺🇸 Dravidians · United States
1148
-16
🇮🇳 Bohemians · India
1144
-16
fuita
0:26 Loom
12:45 Feudal Age
14:41 Wheelbarrow
14:38 Gold Mining
14:45 Double-Bit Axe
17:11 Castle Age
15:05 Stone Mining
15:16 Horse Collar
18:05 Heavy Plow
21:06 Fletching
21:17 Padded Archer Armor
22:25 Bodkin Arrow
23:33 Ballistics
24:13 Leather Archer Armor
27:15 Hand Cart
27:13 Forging
30:23 Imperial Age
29:39 Bow Saw
30:30 Guard Tower
30:37 Town Watch
32:10 Chemistry
32:21 Crop Rotation
32:53 Two-Man Saw
32:03 Bracer
32:58 Ring Archer Armor
32:57 Thumb Ring
33:01 Pikeman
33:42 Squires
33:27 Arson
39:53 Bombard Tower
39:14 Treadmill Crane
39:10 Elite Genoese Crossbowman
40:50 Stone Shaft Mining
40:55 Keep
V
6:40 Loom
9:44 Feudal Age
12:10 Double-Bit Axe
16:36 Castle Age
18:39 Stone Mining
18:40 Horse Collar
25:00 Heavy Plow
25:30 Bow Saw
25:28 Gold Mining
25:12 Crossbowman
26:21 Padded Archer Armor
26:34 Elite Skirmisher
27:08 Man-at-Arms
27:48 Squires
28:00 Forging
27:50 Scale Mail Armor
30:58 Leather Archer Armor
30:59 Chain Mail Armor
33:34 Imperial Age
33:25 Gold Shaft Mining
32:56 Fletching
33:41 Iron Casting
34:04 Elite Varangian Guard
37:25 Blast Furnace
36:56 Plate Mail Armor
37:59 Arbalester
39:50 Conscription
41:06 Elite Berserk
42:21 Hoardings
APEP
0:33 Loom
11:03 Feudal Age
11:40 Double-Bit Axe
17:12 Castle Age
15:09 Stone Mining
15:42 Gold Mining
15:41 Horse Collar
20:00 Bow Saw
20:18 Pikeman
34:41 Wheelbarrow
42:30 Hand Cart
Ra
11:03 Feudal Age
13:43 Castle Age
11:46 Double-Bit Axe
12:55 Horse Collar
13:17 Gold Mining
13:44 Loom
17:55 Horse Collar
20:33 Scale Barding Armor
20:41 Bloodlines
23:55 Wheelbarrow
24:23 Chain Barding Armor
27:35 Husbandry
33:46 Imperial Age
31:42 Heavy Plow
31:54 Bow Saw
32:01 Forging
31:53 Husbandry
32:40 Hand Cart
32:10 Town Watch
34:28 Gold Shaft Mining
35:01 Cavalier
dipsh*t
0:40 Loom
11:49 Feudal Age
15:41 Castle Age
14:01 Double-Bit Axe
17:57 Horse Collar
18:38 Bow Saw
25:54 Fletching
27:31 Wheelbarrow
28:57 Ballistics
29:07 Wagenburg Tactics
30:18 Padded Archer Armor
31:22 Squires
30:43 Pikeman
31:19 Bodkin Arrow
31:39 Leather Archer Armor
34:58 Imperial Age
33:54 Chemistry
33:29 Arson
34:42 Heavy Plow
34:56 Forging
34:46 Scale Mail Armor
36:16 Conscription
36:34 Conscription
35:46 Halberdier
36:15 Elite Hussite Wagon
8
0:27 Loom
12:32 Feudal Age
17:21 Castle Age
15:40 Double-Bit Axe
16:58 Fletching
19:45 Crossbowman
23:15 Bodkin Arrow
25:54 Padded Archer Armor
29:01 Bow Saw
29:56 Wheelbarrow
30:16 Gold Mining
34:45 Leather Archer Armor
34:57 Thumb Ring
40:31 Imperial Age
40:47 Imperial Age
39:09 Elite Skirmisher
42:21 Bracer
Connection lost

Rejoining the realm…

Still unreachable

The connection could not be restored.

Session expired

The server has moved on; the page needs a fresh start.